 Dungeon Crawl Stone Soup version 0.31.0-11-ge490571c62 (webtiles) character file.

Game seed: 3616989715396831518

90 qw the Shooter (level 4, 0/22 HPs)
             Began as a Spriggan Hunter on Feb 4, 2024.
             Killed from afar by Natasha (7 damage)
             ... with a magic dart
             ... on level 2 of the Dungeon.
             The game lasted 00:00:02 (855 turns).

qw the Shooter (Spriggan Hunter)                     Turns: 855, Time: 00:00:03

Health: 0/22       AC:  2    Str:  7    XL:     4   Next: 32%
Magic:  5/5        EV: 20    Int: 10    God:
Gold:   22         SH:  0    Dex: 20    Spells: 3/3 levels left

rFire   . . .        a - +0 shortbow
rCold   . . .        (shield currently unavailable)
rNeg    + . .        c - +0 robe
rPois   .            (helmet restricted)
rElec   .            (no cloak)
rCorr   .            (gloves unavailable)
SInv    +            (boots unavailable)
Will    .....        (no amulet)
Stlth   ++           d - ring of positive energy
HPRegen 0.23/turn    (no ring)
MPRegen 0.09/turn

%: no passive effects
@: very quick
A: very small, no large weapons, unfitting armour, see invisible, speed 3
a: no special abilities


You were on level 2 of the Dungeon.
You visited 1 branch of the dungeon, and saw 2 of its levels.

You collected 22 gold pieces.


Innate Abilities, Weirdness & Mutations

You are very small and have problems with some larger weapons.
You are too small for most types of armour.
You have supernaturally acute eyesight. (SInv)
You cover ground extremely quickly. (Speed+++)


   Skills:
 - Level 1.5 Fighting
 - Level 5.0 Ranged Weapons
 + Level 4.8 Dodging
 - Level 1.5 Stealth


You had 3 spell levels left.
You didn't know any spells.
Your spell library was empty.

Inventory:

Hand Weapons
 a - a +0 shortbow (weapon)
Armour
 c - a +0 robe (worn)
Jewellery
 d - a ring of positive energy (left hand)
Scrolls
 b - a scroll of identify
 h - 2 scrolls of teleportation
Potions
 g - a potion of might {unknown}

Dungeon Overview and Level Annotations

Branches:
Dungeon (2/15)

Altars:

Annotations:
D:2 Natasha


Message History

A rat comes into view.
You shoot an arrow. The arrow hits the rat.
You kill the rat!
b - a scroll of identify A rat comes into view.
The rat squeaks loudly.
You shoot an arrow. The arrow closely misses the rat.
The rat twitches its whiskers.
You shoot an arrow. The arrow barely misses the rat.
The rat bites you but does no damage.
You shoot an arrow. The arrow hits the rat.
You kill the rat!
You see here a rat corpse.
A rat comes into view.
You shoot an arrow. The arrow barely misses the rat.
The rat squeaks loudly.
You shoot an arrow. The arrow hits the rat.
You kill the rat!
Natasha, Servant of Life and Death comes into view.
Found a stone staircase leading up.
Enter note: You shoot an arrow.
The arrow completely misses Natasha.
Natasha hisses angrily.
A bat comes into view.
You shoot an arrow. The arrow hits Natasha.
Natasha is lightly wounded.
Natasha casts a spell.
You shoot an arrow. The arrow hits the bat!
You kill the bat!
You shoot an arrow. The arrow hits Natasha!
Natasha is severely wounded.
You shoot an arrow. The arrow misses Natasha.
The cerulean imp hits you from afar with a +2 spear.
The cerulean imp barely misses you. Natasha claws you.
You shoot an arrow. The arrow completely misses Natasha.
The cerulean imp hits you from afar with a +2 spear.
Natasha stares at you and mumbles some strange words.
The magic dart hits you!
You die...
Natasha curls up and begins to purr.

######### ############
........###...........
...............######.#
#######.###.##.##......
###%# #.##.5......#
#...# #.##.##.###..
#######.### #.##@# #
.........# #....h......
##.......####...........
##..................##..
.....................<
##.......#####!....####
#.......# #......
#.......# #.#####.
####<..##


You could see Natasha and a cerulean imp (summoned).

Vanquished Creatures
  Natasha (D:2)
  3 adders (D:2)
  A dart slug (D:1)
  3 endoplasms (D:1)
  3 giant cockroaches
  4 hobgoblins (D:1)
  2 kobolds (D:1)
  2 ball pythons (D:1)
  6 bats
  A frilled lizard (D:1)
  4 goblins (D:1)
  6 rats
36 creatures vanquished.

Notes
Turn   | Place    | Note
-------+----------+-------------------------------------------
     0 | D:1      | qw the Spriggan Hunter began the quest for the Orb.
     0 | D:1      | Reached XP level 1. HP: 10/10 MP: 2/2
     0 | D:1      | 0 ||| qw: Version: 0.3-a-160-g6735b56
     0 | D:1      | 0 ||| qw: Game counter: 4340
     0 | D:1      | 0 ||| qw: Melee chars always use a shield: true
     0 | D:1      | 0 ||| qw: God list: Okawaru
     0 | D:1      | 0 ||| qw: Allow faded altars: false
     0 | D:1      | 0 ||| qw: Do Orc after clearing Dungeon:15 true
     0 | D:1      | 0 ||| qw: Do second Lair branch before Depths: true
     0 | D:1      | 0 ||| qw: Lair rune preference: random
     0 | D:1      | 0 ||| qw: Goals: Normal
     0 | D:1      | 0 ||| PLANNING D:1-11
    72 | D:1      | Reached skill level 3 in Dodging
   160 | D:1      | Reached XP level 2. HP: 14/14 MP: 3/3
   339 | D:1      | Reached XP level 3. HP: 18/18 MP: 4/4
   412 | D:1      | Found a faded altar of an unknown god.
   652 | D:1      | 652 ||| UPGRADING to ring of positive energy.
   653 | D:1      | 653 ||| READING scroll labelled PEWASO MICK.
   653 | D:1      | 653 ||| IDENTIFYING amethyst potion
   654 | D:1      | 654 ||| READING 3 scrolls labelled FETAGGENON.
   659 | D:1      | 659 ||| READING scroll labelled MAS RAINOLO.
   660 | D:1      | 660 ||| DROPPING scroll of butterflies.
   661 | D:1      | 661 ||| DROPPING potion of attraction.
   680 | D:2      | Noticed Natasha
   686 | D:2      | Killed Natasha
   687 | D:2      | Reached skill level 5 in Ranged Weapons
   725 | D:2      | Reached XP level 4. HP: 22/22 MP: 5/5
   849 | D:2      | Noticed Natasha
   855 | D:2      | Killed from afar by Natasha

Levels and vault maps discovered:
D:1:      dpeg_arrival_water_fire, layout_basic,
          shapermc_ecumenical_altar_mp_vishouse, st_stairs_2
D:2:      layout_loops_ring, chequers_garden, minmay_pentomino_w2, uniq_natasha

Skill      XL: |  1  2  3 |
---------------+----------+-----
Dodging        | 3 4 |  4.8
Ranged Weapons | 5 |  5.0
Fighting       | |  1.5
Stealth        | |  1.5

Action                     |  1- 3 |  4- 6 || total
---------------------------+-------+-------++-------
   Fire: Shortbow          |    69 |    22 ||    91
    Use: Scroll            |     3 |       ||     3
 Armour: Robe              |     4 |     6 ||    10
  Dodge: Dodged            |    18 |     6 ||    24

Table legend:
 A = Non-vault XP
 B = Vault XP
 C = Vault XP percentage of total XP
 D = Non-vault monster count
 E = Vault monster count
 F = Vault count percentage of total count
                 A         B        C        D         E       F
            +---------+---------+-------+---------+---------+-------
      Total |      88 |      41 |  31.8 |      32 |       4 |  11.1
            +---------+---------+-------+---------+---------+-------
        D:1 |      40 |       6 |  13.0 |      23 |       3 |  11.5
        D:2 |      48 |      35 |  42.2 |       9 |       1 |  10.0
            +---------+---------+-------+---------+---------+-------
